 Dungeon Crawl Stone Soup version 0.24.1-14-gf8d2b509d9 (webtiles) character file.

Game seed: 4149288242473414416, levelgen mode: deterministic

64 Peloso the Skirmisher (level 3, 0/46 HPs)
             Began as a Demigod Fighter on May 25, 2020.
             Succumbed to a goblin's poison
             ... on level 1 of the Dungeon.
             The game lasted 00:03:05 (1266 turns).

Peloso the Skirmisher (Demigod Fighter)             Turns: 1266, Time: 00:03:06

Health: 0/46       AC: 21    Str: 21    XL:     3   Next: 64%
Magic:  5/5        EV:  2    Int: 17    God:
Gold:   41         SH:  9    Dex: 15    Spells: 2/2 levels left

rFire    . . .     SeeInvis .   a - +0 long sword
rCold    . . .     Gourm    .   c - +0 shield
rNeg     + + +     Faith    .   (armour currently unavailable)
rPois    +         Spirit   .   (helmet currently unavailable)
rElec    .         Reflect  .   (cloak currently unavailable)
rCorr    .         Harm     .   (gloves currently unavailable)
MR       .....     NoTele   +   (boots currently unavailable)
Stlth    +.........             (no amulet)
HPRegen  0.15/turn              (no ring)
MPRegen  0.09/turn              (no ring)

@: brilliant, lethally poisoned (0 -> -10), tree-form
A: high mp 1
a: no special abilities


You were on level 1 of the Dungeon.
You were not hungry.
You were a tree.
You visited 1 branch of the dungeon, and saw 2 of its levels.

You collected 41 gold pieces.

Inventory:

Hand Weapons
 a - a +0 long sword (weapon)
Armour
 b - a +0 scale mail (melded)
 c - a +0 shield (worn)
Jewellery
 n - a cursed ring of attention {unknown}
Scrolls
 e - 3 scrolls of identify {unknown}
 h - a scroll of fear {unknown}
 j - a scroll of fog {unknown}
 l - a scroll of enchant weapon {unknown}
Potions
 d - a potion of might
 i - a potion of lignification
Comestibles
 f - 3 rations


   Skills:
 + Level 3.1 Fighting
 + Level 2.7 Long Blades
 + Level 3.1 Armour
 + Level 0.1 Dodging
 + Level 3.0 Shields


You had 2 spell levels left.
You didn't know any spells.
Your spell library was empty.

Dungeon Overview and Level Annotations

Branches:
Dungeon (2/15)

Annotations:
D:2 Jessica, Robin


Innate Abilities, Weirdness & Mutations

You have an increased reservoir of magic. (+10% MP)


Message History

The goblin no longer looks unusually strong.
You block the goblin's attack.
The goblin hits you but does no damage. x2
You block the goblin's attack.
Unknown command.
You slash the goblin!
You kill the goblin!
* * * LOW HITPOINT WARNING * * *
You feel sick. The goblin hits you but does no damage.
Unknown command.
Okay, then.
You closely miss the goblin.
* * * LOW HITPOINT WARNING * * *
You feel sick. You block the goblin's attack.
Unknown command.
Unknown command.
Really quaff the potion of lignification?
You are stuck in your current form!
You slash the goblin!
You kill the goblin!
You die...

......).....###..#..........#
.........((...........†.....#
......#####...).##.######...#
......# ###.....##.### #...#
......###.......#....# #...#
....(...#....##.##.#.########
........#.....#....#...#
........#...#.####.#.###
#####...#...#..)♣#.#.#######
#####...##.)(†.#.......#
#...###....#######.# #...#
####....##...#### #####
#.##.....)...# #.##.........#
#.##.........# #.##.........#
#............#


There were no monsters in sight!

Vanquished Creatures
  An adder (D:2)
  An ooze (D:1)
  A worm (D:2)
  A dart slug (D:1)
  2 leopard geckos (D:1)
  A ball python (D:1)
  3 giant cockroaches
  5 hobgoblins
  4 jackals (D:1)
  A kobold (D:1)
  5 bats
  A frilled lizard (D:1)
  12 goblins
  A rat (D:1)
39 creatures vanquished.

Notes
Turn   | Place    | Note
-------+----------+-------------------------------------------
     0 | D:1      | Peloso the Demigod Fighter began the quest for the Orb.
     0 | D:1      | Reached XP level 1. HP: 18/18 MP: 3/3
    70 | D:1      | Reached XP level 2. HP: 24/25 MP: 4/4
   448 | D:2      | Reached XP level 3. HP: 29/31 MP: 5/5
   814 | D:2      | Noticed Jessica
   815 | D:2      | Noticed Robin
  1265 | D:1      | HP: 1/46 [poisoned by a goblin]
  1266 | D:1      | Succumbed to a goblin's poison

Levels and vault maps discovered:
D:1:      onia_arrival_pentagram, layout_basic
D:2:      layout_rooms, fedhas_altar_3, grunt_temple_overflow_open,
          uniq_jessica, uniq_robin

Skill      XL: |  1  2  3 |
---------------+----------+-----
Long Blades    | 2 |  2.7
Armour         | 3 |  3.1
Fighting       | 3 |  3.1
Shields        | 3 |  3.0
Dodging        | |  0.1

Action                   || total
-------------------------++-------
Melee: Long sword        ||   106
  Use: Potion            ||     4
  Eat: Chunk             ||     1
Armor: Scale mail        ||    56
       Skin              ||     6
Dodge: Dodged            ||    50
Block: Shield            ||    77
       Rpst.: Long sword ||    16
